Map: Scythe of Amon

Players

BunnyLove

  • Race: Terran Terran

Nerghoul

  • Race: Terran Terran
  • Spawn Location: 5:00

VOD

Have the link to the VOD?

Description

Time

  • Played on: March 17, 2018, 11:07 a.m.
  • Length: 22:13
Show
View Real Time Build Order
Export as new Build Order

BunnyLove Terran 

Build Orders:  

Get SALT Encoding   

  12  0:05  Starport Tech Lab  
  12  0:08  SCV  
  13  0:25  SCV  
  13  0:28  Supply Depot  
  15  0:42  SCV  
  16  1:01  Assault Galleon  
  16  1:03  SCV  
  17  1:20  SCV  
  17  1:34  Assault Galleon  
  17  1:37  SCV  
  19  1:53  SCV  
  19  2:02  Assault Galleon  
  20  2:10  SCV  
  20  2:27  SCV  
  21  2:32  Refinery  
  21  2:35  Refinery  
  22  2:44  SCV  
  22  2:49  Supply Depot  
  23  3:01  SCV  
  23  3:12  Engineering Bay  
  23  3:15  Reaper  
  23  3:18  SCV  
  25  3:49  SCV  
  26  4:01  Command Center  
  26  4:13  Reaper x2  
  26  4:14  Reaper  
  26  4:17  Jetpack Overdrive  
  29  4:29  Reaper  
  30  4:36  Reaper  
  30  4:37  Reaper  
  30  4:39  Reaper  
  33  4:46  Reaper  
  33  4:47  Reaper, SCV  
  33  4:49  Reaper  
  37  4:56  Reaper  
  37  4:59  Supply Depot  
  38  5:08  Reaper  
  39  5:19  LE9 Cluster Charges  
  39  5:25  Reaper  
  39  5:26  Reaper  
  40  5:34  Reaper  
  40  5:35  Reaper  
  40  5:36  Reaper  
  44  5:50  Reaper x2  
  44  5:51  Reaper  
  44  5:58  SCV  
  48  6:00  Reaper x2  
  48  6:06  Reaper  
  50  6:10  Reaper  
  50  6:15  SCV  
  50  6:17  Reaper  
  54  6:32  Command Center, SCV  
  54  6:38  Reaper  
  54  6:39  Reaper x2  
  57  6:49  SCV x2  
  59  6:59  Reaper  
  60  7:00  Reaper x2  
  60  7:07  SCV x2  
  58  7:13  Reaper  
  58  7:14  Reaper  
  61  7:24  SCV x2  
  61  7:27  Reaper x2  
  63  7:35  Armory, Reaper  
  65  7:41  SCV  
  65  7:43  Reaper  
  66  7:50  Reaper  
  66  7:51  Reaper  
  66  7:53  Reaper  
  66  7:58  SCV  
  70  8:00  Reaper  
  70  8:09  Reaper x2  
  71  8:16  SCV x2  
  74  8:33  SCV x2  
  74  8:36  Supply Depot  
  74  8:42  Supply Depot  
  74  8:48  Theia Raven  
  78  8:50  SCV x2  
  78  8:52  Refinery  
  78  8:54  Refinery  
  78  9:02  Multi-Threaded Sensors  
  78  9:06  Reaper  
  81  9:11  SCV x2  
  81  9:17  Reaper  
  81  9:18  Reaper x2  
  84  9:28  Fusion Core, SCV x2  
  86  9:47  SCV  
  86  9:48  Horner Weapons Level 1, SCV  
  88  9:55  Supply Depot  
  89  10:04  SCV  
  89  10:05  SCV  
  90  10:13  Assault Galleon  
  90  10:16  Reaper x2  
  90  10:17  Assault Galleon  
  90  10:19  Reaper  
  94  10:21  SCV  
  94  10:26  Reaper  
  94  10:27  Reaper, Supply Depot  
  94  10:29  Reaper  
  97  10:36  Reaper  
  97  10:38  SCV  
  97  10:39  SCV  
  106  10:55  SCV  
  106  10:58  Supply Depot  
  107  11:00  Supply Depot  
  107  11:01  Reaper  
  107  11:02  Drone Hangar  
  107  11:04  Drone Hangar  
  108  11:11  Reaper  
  101  11:21  Reaper  
  102  11:31  Reaper  
  109  11:41  Reaper  
  109  11:44  Reaper  
  109  11:46  Reaper  
  109  11:49  SCV  
  113  11:56  Overcharged Reactor  
  113  11:57  Drone Hangar x2  
  113  11:58  Supply Depot  
  116  12:00  Supply Depot  
  116  12:09  Drone Hangar  
  117  12:20  SCV  
  117  12:21  Supply Depot  
  117  12:43  Horner Weapons Level 2  
  117  12:45  SCV  
  117  12:46  SCV  
  119  12:53  Strike Fighter Platform  
  119  12:58  Strike Fighter Platform  
  123  13:07  Reaper x4  
  127  13:31  Reaper x2  
  122  14:00  Sovereign Battlecruiser  
  122  14:01  Reaper x3  
  122  14:02  Reaper x2  
  137  14:11  Reaper x2  
  139  14:25  Reaper x2  
  141  14:36  Reaper x2  
  139  14:43  Reaper x2  
  139  14:46  Theia Raven  
  120  14:52  Reaper  
  120  14:53  Reaper x3  
  120  14:57  Reaper  
  122  15:02  Reaper  
  122  15:03  Reaper x3  
  122  15:07  Reaper  
  124  15:12  Reaper x2  
  124  15:13  Reaper  
  127  15:22  Napalm Payload  
  127  15:25  Strike Fighter Platform  
  127  15:27  Strike Fighter Platform  
  131  15:34  Reaper  
  131  15:35  Reaper x3  
  131  15:39  Reaper  
  136  15:44  Reaper  
  136  15:45  Reaper x2  
  139  15:52  Reaper  
  140  16:00  Reaper x2  
  140  16:01  Reaper x2  
  140  16:02  Reaper  
  143  16:10  Reaper x2  
  143  16:11  Reaper x2  
  143  16:12  Reaper  
  148  16:20  Reaper x2  
  148  16:21  Reaper x2  
  148  16:22  Reaper  
  153  16:30  Reaper x2  
  153  16:31  Reaper x2  
  153  16:32  Reaper  
  153  16:35  Horner Weapons Level 3  
  158  16:54  Sovereign Battlecruiser  
  158  16:59  Reaper x2  
  170  17:19  Reaper x3  
  173  17:38  Reaper x3  
  173  17:50  Reaper  
  173  17:51  Reaper  
  173  17:54  Reaper x3  
  172  18:00  Reaper x2  
  172  18:04  Reaper x3  
  177  18:10  Reaper x2  
  177  18:14  Reaper x3  
  182  18:20  Reaper x2  
  182  18:24  Reaper x3  
  180  18:30  Reaper x2  
  180  18:33  Reaper  
  180  18:34  Reaper  
  172  18:41  Reaper x3  
  172  18:47  Reaper x2  
  175  18:51  Reaper x2  
  175  18:52  Reaper  
  175  18:56  Reaper  
  177  19:05  Reaper  
  177  19:06  Reaper x2  
  173  19:12  Reaper x2  
  173  19:15  Theia Raven  
  170  19:27  Reaper x2  
  172  19:30  Reaper x2  
  172  19:31  Sovereign Battlecruiser  
  180  20:00  Reaper x2  
  180  20:14  Reaper x2  
  180  20:15  Reaper  
  180  20:16  Reaper  
  180  20:17  Reaper  
  185  20:24  Reaper  
  186  20:57  Sovereign Battlecruiser  
  196  21:07  Reaper x2  
  196  21:08  Reaper  
  196  21:09  Reaper  
  200  21:14  Reaper  
  188  21:27  Reaper x4  
  188  21:29  Reaper  
  169  21:43  Reaper  
Show
View Real Time Build Order
Export as new Build Order

Nerghoul Terran 

Build Orders:  

Get SALT Encoding   

Tags
 
Commander
HornerRaynor
Matchup
Co-op
Replay Pack
Co-op Speedrun
Add a new tag
Caveats
  • Supply blocks, unpowered buildings, or Contaminate may cause inaccurate times.
  • Supply counts are checked every 10 seconds.